 Dungeon Crawl Stone Soup version 0.29.1-2-gbd0b4ee654 (webtiles) character file.

Game seed: 1758698363013624475

166 Bombi the Ducker (level 5, 0/25 HPs)
             Began as a Spriggan Wanderer on Oct 28, 2022.
             Killed from afar by an orc wizard (5 damage)
             ... with a magic dart
             ... on level 3 of the Dungeon.
             The game lasted 00:08:13 (3163 turns).

Bombi the Ducker (Spriggan Wanderer)                Turns: 3163, Time: 00:08:13

Health: 0/25       AC:  2    Str:  7    XL:     5   Next: 22%
Magic:  9/9        EV: 20    Int: 13    God:
Gold:   121        SH:  0    Dex: 18    Spells: 8/9 levels left

rFire   . . .      SeeInvis +   g - +0 short sword
rCold   . . .      Faith    .   (no shield)
rNeg    . . .      Spirit   .   d - +0 robe
rPois   .          Reflect  .   b - +0 hat
rElec   .          Harm     .   (no cloak)
rCorr   .          Rampage  .   (gloves unavailable)
Will    .....                   (boots unavailable)
Stlth   ++........              (no amulet)
HPRegen 0.08/turn               (no ring)
MPRegen 0.11/turn               (no ring)

@: very quick
A: very small, no large weapons, unfitting armour, see invisible, speed 3
a: no special abilities


You were on level 3 of the Dungeon.
You visited 1 branch of the dungeon, and saw 3 of its levels.

You collected 121 gold pieces.

Inventory:

Hand Weapons
 a - a +0 dagger
 g - a +0 short sword (weapon)
Armour
 b - a +0 hat (worn)
 d - a +0 robe (worn)
Wands
 e - a wand of flame (1)
Scrolls
 c - 2 scrolls of identify
 h - 4 scrolls of teleportation
 i - a scroll of amnesia
 j - 2 scrolls of immolation
Potions
 f - a potion of might


   Skills:
 + Level 1.2 Fighting
 + Level 2.2 Short Blades
 + Level 5.6 Dodging
 + Level 2.6 Stealth
 + Level 2.5 Spellcasting
 + Level 2.2 Transmutations
 + Level 4.7 Evocations


You had 8 spell levels left.
You knew the following spells:

 Your Spells              Type           Power      Damage    Failure   Level
a - Beastly Appendage     Tmut           14%        N/A       10%         1

Your spell library contained the following spells:

 Spells                   Type           Power      Damage    Failure   Level
 Ignite Poison            Fire/Tmut/Pois 3%         N/A       47%         3


Dungeon Overview and Level Annotations

Branches:
Dungeon (3/15)

Altars:


Innate Abilities, Weirdness & Mutations

You are very small and have problems with some larger weapons.
You are too small for most types of armour.
You have supernaturally acute eyesight. (SInv)
You cover ground extremely quickly. (Speed+++)


Message History

a +0 short sword; 3 stones; a kobold corpse The orc wizard gestures at you while chanting.
The magic dart hits you!
Things that are here:
a +0 short sword; 3 stones; a kobold corpse You miss the orc wizard.
The orc wizard is almost dead.
The orc wizard hits you but does no damage.
You hit the orc wizard but do no damage.
The orc wizard is almost dead.
The orc wizard hits you with a +0 dagger.
You barely miss the orc wizard.
The orc wizard is almost dead.
The orc wizard casts a spell at you. The puff of flame hits you!
* * * LOW HITPOINT WARNING * * *
Aiming: Throw Flame
Press: ? - help, Q - select action, (/) - cycle Shift-Dir - straight line, f - orc wizard
Aim: an orc wizard, wielding a +0 dagger and wearing a +0 robe (almost dead, slightly transparent, 67% to hit)
The puff of flame hits the orc wizard!
You kill the orc wizard!
Aiming: Throw Flame
Press: ? - help, Q - select action, (/) - cycle Shift-Dir - straight line, f - orc wizard
Aim: an orc wizard, wielding a +0 dagger and wearing a +0 robe (slightly transparent, 67% to hit)
The puff of flame hits the orc wizard!
The orc wizard is heavily wounded.
The orc wizard completely misses you.
Aiming: Throw Flame
Press: ? - help, Q - select action, (/) - cycle Shift-Dir - straight line, f/p - orc wizard
Aim: an orc wizard, wielding a +0 dagger and wearing a +0 robe (heavily wounded, slightly transparent, 67% to hit)
The puff of flame misses the orc wizard.
The orc wizard misses you.
Aiming: Throw Flame
Press: ? - help, Q - select action, (/) - cycle Shift-Dir - straight line, f/p - orc wizard
Aim: an orc wizard, wielding a +0 dagger and wearing a +0 robe (heavily wounded, slightly transparent, 67% to hit)
The puff of flame hits the orc wizard!
The orc wizard is almost dead.
The orc wizard gestures at you while chanting.
The magic dart hits you.
You die...

####.#....##
#..........##
#...........#
#.........#
#.?.......#
#.....)...#
#...†.....#
####.#######
#.o@....#
#######.#
#.....#.#
##.###.#.#
#......#.#
###..#####.#
#..........#
#.##########
#.#####....


You could see an orc wizard (invisible).

Vanquished Creatures
  An orc wizard (D:3)
  Natasha (thrice) (D:2)
  An adder (D:2)
  A worm (D:2)
  A dart slug (D:1)
  An orc (D:3)
  6 ball pythons
  3 endoplasms
  3 giant cockroaches
  9 goblins
  2 hobgoblins
  A quokka (D:1)
  6 bats
  3 frilled lizards
  6 kobolds
  3 rats (D:1)
50 creatures vanquished.

Vanquished Creatures (others)
  A dart slug (D:1)
  3 fungi (D:1)
  2 plants (D:1)
6 creatures vanquished.

Grand Total: 56 creatures vanquished

Notes
Turn   | Place    | Note
-------+----------+-------------------------------------------
     0 | D:1      | Bombi the Spriggan Wanderer began the quest for the Orb.
     0 | D:1      | Bombi set off with the following items: a +0 dagger, a +0
                  | hat, a potion of haste, a +0 robe, a wand of flame (15);
                  | and the following spell memorised: Beastly Appendage; and
                  | the following spells available to memorise: Ignite Poison.
     0 | D:1      | Reached XP level 1. HP: 10/10 MP: 3/3
   329 | D:1      | Reached XP level 2. HP: 7/14 MP: 5/5
   928 | D:1      | Found a faded altar of an unknown god.
  1281 | D:1      | Reached skill level 1 in Stealth
  1445 | D:2      | Reached skill level 5 in Dodging
  1445 | D:2      | Reached XP level 3. HP: 10/18 MP: 4/6
  1863 | D:2      | Noticed Natasha
  1872 | D:2      | Killed Natasha
  1873 | D:2      | Reached skill level 1 in Short Blades
  1947 | D:2      | Reached XP level 4. HP: 22/22 MP: 8/8
  2135 | D:2      | Noticed Natasha
  2150 | D:2      | Killed Natasha
  2206 | D:2      | Noticed Natasha
  2227 | D:2      | Killed Natasha
  3120 | D:3      | Reached XP level 5. HP: 19/25 MP: 9/9
  3163 | D:3      | Killed from afar by an orc wizard

Illustrated notes

Levels and vault maps discovered:
D:1:      minmay_arrival_hallway, layout_basic, shapermc_ecumenical_altar_petra
D:2:      layout_rooms, kennysheep_small_spiral, uniq_natasha
D:3:      lemuel_castle_with_subvaults [lemuel_castle_interior_carwin_3],
          layout_basic, nicolae_sif_muna_little_library, grunt_decor_resistance,
          chequers_serial_rivers_micro_e, dk_noncrumbling_3, minmay_box_of_dots

Skill      XL: |  1  2  3  4 |
---------------+-------------+-----
Stealth        | 1 2 |  2.6
Dodging        | 5 |  5.6
Spellcasting   | 2 |  2.5
Short Blades   | 1 2 |  2.2
Transmutations | 2 |  2.2
Fighting       | |  1.2
Evocations     | |  4.7

Action                   |  1- 3 |  4- 6 || total
-------------------------+-------+-------++-------
Melee: Dagger            |    11 |       ||    11
       Short sword       |    92 |    74 ||   166
       Kick              |     4 |     4 ||     8
       Headbutt          |     6 |     3 ||     9
 Cast: Beastly Appendage |     9 |     3 ||    12
Evoke: Wand              |     7 |     7 ||    14
  Use: Scroll            |     5 |       ||     5
       Potion            |     2 |     1 ||     3
 Stab: Sleeping          |     2 |     1 ||     3
       Distracted        |       |     1 ||     1
Armor: Robe              |    16 |     7 ||    23
Dodge: Dodged            |   107 |    57 ||   164
